 Dungeon Crawl Stone Soup version 0.20-a0-910-gb611367 (webtiles) character file.

4522 galech the Grappler (level 10, 0/93 HPs)
             Began as a Troll Monk on Mar 23, 2017.
             Was the Champion of Cheibriados.
             Slain by a gnoll sergeant
             ... wielding a +4 trident of piercing
              (1 damage)
             ... on level 9 of the Dungeon.
             The game lasted 00:15:42 (6139 turns).

galech the Grappler (Troll Monk)                    Turns: 6139, Time: 00:15:43

Health: 0/93       AC:  7    Str: 48    XL:     10   Next: 17%
Magic:  10/10      EV: 17    Int: 23    God:    Cheibriados [******]
Gold:   558        SH:  0    Dex: 31    Spells: 9/9 levels left

rFire    . . .     SeeInvis .   m - +2 long sword "Ohoiqih" {flame, -Tele Str+7 Dex+4} (curse)
rCold    . . .     Gourm    +   a - +0 robe
rNeg     . . .     Faith    .   (no shield)
rPois    .         Spirit   .   x - +0 hat
rElec    .         Reflect  .   y - +1 cloak
rCorr    +         Harm     .   (gloves unavailable)
MR       .....     Rnd*Rage +   (boots unavailable) Stlth +++.......NoTele +
                                (no amulet)
Regen    0.7/turn               l - ring of resist corrosion
MPRegen  0.2/turn               p - ring of teleportation (curse)

@: very slow
A: unfitting armour, claws 3, berserk 1, clever 1, fast metabolism 3, gourmand,
high mp 1, mutation resistance 1, regeneration 1, shaggy fur 1, strong 1, tough
skin 2
a: Bend Time, Temporal Distortion, Slouch, Step From Time, Renounce Religion


You were on level 9 of the Dungeon.
You worshipped Cheibriados.
Cheibriados was exalted by your worship.
You were not hungry.

You visited 1 branch of the dungeon, and saw 9 of its levels.
You also visited: Sewer.

You collected 558 gold pieces.

Inventory:

Hand Weapons
 m - the cursed +2 long sword "Ohoiqih" (weapon) {flame, -Tele Str+7 Dex+4}
   (You found it on level 9 of the Dungeon)

   It has been specially enchanted to burn those struck by it, causing extra
   injury to most foes and up to half again as much damage against particularly
   susceptible opponents.
   Big, fiery blades are also staple armaments of hydra-hunters.
   It affects your strength (+7).
   It affects your dexterity (+4).
   It prevents most forms of teleportation.
   It has a curse placed upon it.
Armour
 a - a +0 robe (worn)
 x - a +0 hat (worn)
 y - a +1 cloak (worn)
Jewellery
 f - an uncursed ring of flight
 l - a ring of resist corrosion (right claw)
 p - a cursed ring of teleportation (left claw)
Wands
 e - a wand of flame (16/48)
 n - a wand of paralysis (7/24)
 B - a wand of digging (17/24)
 D - a wand of flame (8/48)
Scrolls
 i - 5 scrolls of identify
 u - a scroll of enchant weapon
 A - a scroll of teleportation
 C - a scroll of noise {unknown}
 H - a scroll of magic mapping {unknown}
Potions
 c - 4 potions of heal wounds {unknown}
 d - 6 potions of might
 h - a potion of brilliance {unknown}
 q - 3 potions of curing {unknown}
 r - a potion of lignification {unknown}
 s - a potion of agility {unknown}
 t - 3 potions of haste {unknown}
 v - a potion of cancellation {unknown}
 w - a potion of berserk rage {unknown}
 E - 3 potions of degeneration {unknown}
 F - a potion of ambrosia {unknown}
Books
 k - a book of Cantrips

   Spells                             Type                      Level
   a - Confusing Touch                Hexes                        1
   b - Animate Skeleton               Necromancy                   1
   c - Summon Small Mammal            Summoning                    1
   d - Apportation                    Translocation                1
 z - a book of Maledictions

   Spells                             Type                      Level
   a - Corona                         Hexes                        1
   b - Ensorcelled Hibernation        Hexes/Ice                    2
   c - Confuse                        Hexes                        3
   d - Tukima's Dance                 Hexes                        3
   e - Dazzling Spray                 Conjuration/Hexes            3
 G - a book of Necromancy

   Spells                             Type                      Level
   a - Pain                           Necromancy                   1
   b - Animate Skeleton               Necromancy                   1
   c - Vampiric Draining              Necromancy                   3
   d - Regeneration                   Charms/Necromancy            3
   e - Animate Dead                   Necromancy                   4
   f - Control Undead                 Necromancy                   4
Comestibles
 b - 5 bread rations
 g - 28 fruits
 j - 5 royal jellies
 o - 4 meat rations


   Skills:
 + Level 4.3 Fighting
 + Level 6.9 Dodging
 + Level 3.1 Stealth
 + Level 11.2 Unarmed Combat


You had 9 spell levels left.
You didn't know any spells.

Dungeon Overview and Level Annotations

Branches:
Dungeon (9/15)             Temple (0/1) D:5
   Lair: D:8-11         Orc: D:9-12

Altars:
Cheibriados
Dithmenos
Kikubaaqudgha
Uskayaw


Innate Abilities, Weirdness & Mutations

You are too large for most types of armour.
You have claws for hands.
Your metabolism is lightning-fast.
You like to eat raw meat.
Your natural rate of healing is unusually fast.
You are covered in fur. (AC +1)
You have very tough skin. (AC +2)
You tend to lose your temper in combat.
Your mind is acute. (Int +2)
You have an increased reservoir of magic. (+10% MP)
You are somewhat resistant to further mutation.
Your muscles are strong. (Str +2)


Message History

You are too injured to fight recklessly!
You are too injured to fight recklessly!
You are too injured to fight recklessly!
You are too injured to fight recklessly!
Unknown command.
The gnoll hits you with a club.
The gnoll sergeant hits you from afar with a trident of piercing.
* * * LOW HITPOINT WARNING * * *
x2 The gnoll completely misses you.
The gnoll sergeant closely misses you.
You see here a flail.
The gnoll closely misses you.
You riposte.
You hit the gnoll. You burn the gnoll. You claw the gnoll.
The gnoll is almost dead.
You see here a runed whip.
The gnoll sergeant hits you from afar with a trident of piercing!
* * * LOW HITPOINT WARNING * * *
x2 A gnoll opens the door.
The gnoll sergeant hits you from afar with a trident of piercing!
* * * LOW HITPOINT WARNING * * *
You die...

......# #......#. ......#
#......#. #####.#
##########......#.
#.##########...............+.
#..........................#.
#............##########....##
#............# #......
#............# #......
#...########@# #...... #...#
#.# #...... #...# 'g###+###
#...... #...# .#g.......
........ ?.#)................
.. #.)............... ...
#.)....<. ....... ...
#........ ....... #........
.......


You could see a gnoll sergeant and a gnoll.

Vanquished Creatures
  A two-headed ogre (D:7)
  Psyche (D:8)
  2 hungry ghosts
  An ice beast (D:6)
  2 sky beasts (D:6)
  2 black bears
  Purgy (Sewer)
  4 ogres
  4 centaurs
  2 big kobolds (D:8)
  A gnoll sergeant (D:8)
  5 bullfrogs
  2 scorpions
  A water moccasin skeleton (D:8)
  3 killer bees (D:7)
  2 vampire bats (D:4)
  3 crimson imps
  3 bullfrog zombies
  6 orc priests
  A bullfrog skeleton (D:8)
  7 orc wizards
  A centaur skeleton (D:8)
  An iguana (D:4)
  Jessica (D:2)
  A gnoll shaman (D:8)
  8 worker ants
  A mummy (D:5)
  15 gnolls
  8 adders
  An ooze (D:1)
  3 adder skeletons
  3 worms
  3 leopard geckos
  17 orcs
  A ball python (D:5)
  15 bats
  8 giant cockroaches
  7 goblins
  2 hobgoblins
  21 jackals
  11 kobolds
  A frilled lizard (D:2)
  2 kobold zombies (D:5)
  2 orc zombies (D:5)
  A rat (D:1)
188 creatures vanquished.

Notes
Turn   | Place    | Note
-------+----------+-------------------------------------------
     0 | D:1      | galech the Troll Monk began the quest for the Orb.
     0 | D:1      | Reached XP level 1. HP: 22/22 MP: 0/0
   203 | D:1      | Reached XP level 2. HP: 27/29 MP: 1/1
   417 | D:2      | Noticed Jessica
   429 | D:2      | Killed Jessica
   429 | D:2      | Reached XP level 3. HP: 6/36 MP: 2/2
   846 | D:2      | Reached XP level 4. HP: 33/45 MP: 3/3
   926 | D:2      | Found a snail-covered altar of Cheibriados.
   995 | D:2      | Became a worshipper of Cheibriados the Contemplative
   995 | D:2      | Reached * piety under Cheibriados
   995 | D:2      | Reached ** piety under Cheibriados
  1684 | D:4      | Reached skill level 4 in Unarmed Combat
  1684 | D:4      | Reached XP level 5. HP: 43/53 MP: 4/4
  2024 | D:4      | Reached *** piety under Cheibriados
  2145 | D:4      | Reached skill level 5 in Unarmed Combat
  2145 | D:4      | Reached XP level 6. HP: 45/61 MP: 5/5
  2431 | D:5      | Entered Level 5 of the Dungeon
  2466 | D:5      | Found a staircase to the Ecumenical Temple.
  2867 | D:5      | Reached skill level 6 in Unarmed Combat
  2867 | D:5      | Reached XP level 7. HP: 45/67 MP: 6/6
  3017 | D:5      | Reached **** piety under Cheibriados
  3132 | D:6      | Reached skill level 7 in Unarmed Combat
  3229 | D:6      | Found a glowing drain.
  3233 | D:6      | Gained mutation: Your muscles are strong. (Str +2) [mutagenic meat]
  3234 | D:6      | Gained mutation: You have an increased reservoir of magic. (+10% MP) [mutagenic meat]
  3235 | D:6      | Gained mutation: You tend to lose your temper in combat. [mutagenic meat]
  3237 | D:6      | Gained mutation: You are somewhat resistant to further mutation. [mutagenic meat]
  3238 | D:6      | Gained mutation: Your mind is acute. (Int +2) [mutagenic meat]
  3277 | Sewer    | Entered a sewer
  3311 | Sewer    | Noticed Purgy
  3322 | Sewer    | Killed Purgy
  3322 | Sewer    | Reached XP level 8. HP: 66/75 MP: 7/7
  3454 | D:6      | Found a shadowy altar of Dithmenos.
  3612 | D:6      | Reached skill level 5 in Dodging
  3614 | D:6      | Reached skill level 8 in Unarmed Combat
  3733 | D:6      | Reached ***** piety under Cheibriados
  4316 | D:7      | Reached skill level 9 in Unarmed Combat
  4403 | D:7      | Reached XP level 9. HP: 82/84 MP: 8/8
  4671 | D:7      | Noticed a two-headed ogre
  4678 | D:7      | Killed a two-headed ogre
  4678 | D:7      | Reached skill level 10 in Unarmed Combat
  4766 | D:7      | Found an ancient bone altar of Kikubaaqudgha.
  5223 | D:8      | Noticed a hand axe
  5224 | D:8      | Noticed a dagger
  5225 | D:8      | Found a hide-covered altar of Uskayaw.
  5667 | D:8      | Reached skill level 11 in Unarmed Combat
  5667 | D:8      | Reached XP level 10. HP: 93/93 MP: 10/10
  5745 | D:8      | Noticed Psyche
  5749 | D:8      | Killed Psyche
  5891 | D:9      | Got an iridescent long sword
  5892 | D:9      | Identified the cursed +2 long sword "Ohoiqih" {flame, -Tele Str+7 Dex+4} (You found it on level 9 of the Dungeon)
  6133 | D:9      | Reached ****** piety under Cheibriados
  6139 | D:9      | HP: 1/93 [gnoll sergeant/trident of piercing (12)]
  6139 | D:9      | Slain by a gnoll sergeant

Vault maps used:
D:1:      dpeg_arrival_snail
D:2:      lemuel_coloured_pillars_altar, serial_glass, glass_columns_a,
          glass_columns_a, minmay_strange_pillars, uniq_jessica
D:4:      minmay_guarded_unrand_vampires_tooth
D:5:      temple_hall, first_bread, minmay_mini_ossuary
D:6:      nicolae_overflow_hidden_temple, gup_sewer_entry_glass,
          kennysheep_minor_cross, grunt_ministairs_4, kennysheep_potato
D:7:      kennysheep_mini
D:8:      dancing_weapons_uskayaw, kennysheep_another_room, blue_anna_alchemist,
          uniq_psyche
D:9:      uniq_prince_ribbit1
Sewer:    sewer_big_baddie

Skill      XL: |  1  2  3  4  5  6  7  8  9 10 |
---------------+-------------------------------+-----
Fighting       | 3 4 |  4.3
Dodging        | 3 4 5 6 |  6.9
Unarmed Combat | 4 5 6 7 9 11 | 11.2
Stealth        | 2 3 |  3.1

Action                   |  1- 3 |  4- 6 |  7- 9 | 10-12 || total
-------------------------+-------+-------+-------+-------++-------
Melee: Unarmed           |    57 |   146 |   279 |     3 ||   485
       Punch             |       |     7 |    19 |     6 ||    32
       Long sword        |       |       |       |    16 ||    16
  Use: Scroll            |       |     3 |     5 |       ||     8
 Stab: Sleeping          |     1 |       |     4 |       ||     5
  Eat: Chunk             |    13 |    13 |    31 |     1 ||    58
Armor: Robe              |    22 |    53 |    89 |     6 ||   170
Dodge: Dodged            |    31 |   101 |   275 |    31 ||   438
       Rpst.: Long sword |       |       |       |     8 ||     8
